 Dungeon Crawl Stone Soup version 0.28-b1-1-g3c77fb2ed1 (webtiles) character file.

Game seed: 16584082660769889883

42 boopmooplesden the Covered (level 3, 0/33 HPs)
             Began as a Minotaur Fighter on Jan 30, 2022.
             Was a Follower of Kikubaaqudgha.
             Slain by a black bear (1 damage)
             ... on level 3 of the Dungeon.
             The game lasted 00:02:38 (1311 turns).

boopmooplesden the Covered (Minotaur Fighter)       Turns: 1311, Time: 00:02:39

Health: 0/33       AC: 12    Str: 20    XL:     3   Next: 35%
Magic:  2/2        EV:  5    Int:  7    God:    Kikubaaqudgha [*.....]
Gold:   43         SH:  4    Dex:  9    Spells: 1/2 levels left

rFire   . . .      SeeInvis .   a - +0 long sword
rCold   . . .      Faith    .   c - +0 buckler
rNeg    . . .      Spirit   .   g - +0 plate armour
rPois   .          Reflect  .   (helmet restricted)
rElec   .          Harm     .   (no cloak)
rCorr   .          Rampage  .   (no gloves)
Will    .....                   (no boots)
Stlth   ..........              (no amulet)
HPRegen 0.11/turn               (no ring)
MPRegen 0.08/turn               (no ring)

@: no status effects
A: horns 2, retaliatory headbutt
a: Renounce Religion, Receive Corpses


You were on level 3 of the Dungeon.
You worshipped Kikubaaqudgha.
Kikubaaqudgha was aware of your devotion.
You visited 1 branch of the dungeon, and saw 3 of its levels.

You collected 43 gold pieces.

Inventory:

Hand Weapons
 a - a +0 long sword (weapon)
Missiles
 q - 7 poisoned darts (quivered)
Armour
 b - a +0 scale mail
 c - a +0 buckler (worn)
 g - a +0 plate armour (worn)
Jewellery
 m - a ring of see invisible
Scrolls
 f - 2 scrolls of silence {unknown}
 i - a scroll of magic mapping {unknown}
 k - a scroll of fog {unknown}
 l - a scroll of amnesia {unknown}
 n - a scroll of teleportation {unknown}
Potions
 d - a potion of might
 e - a potion of haste {unknown}
 h - a potion of curing {unknown}
 j - a potion of berserk rage {unknown}
 o - a potion of heal wounds {unknown}
 p - a potion of cancellation {unknown}
 r - a potion of degeneration {unknown}


   Skills:
 + Level 4.2 Fighting
 + Level 2.9 Long Blades
 + Level 4.4 Armour
 + Level 0.2 Dodging
 + Level 3.9 Shields


You had one spell level left.
You knew the following spells:

 Your Spells              Type           Power      Damage    Failure   Level
a - Animate Skeleton      Necr           0%         N/A       100%        1

Your spell library contained the following spells:

 Spells                   Type           Power      Damage    Failure   Level
 Pain                     Necr           0%         1d4       100%        1
 Corpse Rot               Necr/Air       0%         N/A       100%        2
 Sublimation of Blood     Necr           0%         N/A       100%        2


Dungeon Overview and Level Annotations

Branches:
Dungeon (3/15)

Altars:
Kikubaaqudgha


Innate Abilities, Weirdness & Mutations

You have a pair of horns on your head.
You reflexively headbutt those who attack you in melee.


Message History

The black bear claws you. You block the kobold's attack.
You hit the black bear.
The black bear is heavily wounded.
The black bear bites you.
The black bear claws you but does no damage. x2
The kobold hits you but does no damage.
The black bear bites you but does no damage.
The black bear claws you.
The black bear claws you but does no damage.
You barely miss the kobold. The kobold hits you with a +0 club.
The black bear bites you but does no damage.
The black bear claws you but does no damage.
The black bear barely misses you. The kobold hits you but does no damage.
You closely miss the kobold. You block the black bear's attack.
The black bear claws you but does no damage. x2
The kobold hits you but does no damage.
You hit the kobold but do no damage.
The black bear bites you but does no damage.
The black bear claws you but does no damage.
The black bear barely misses you. The kobold hits you but does no damage.
You miss the kobold. The black bear bites you.
The black bear claws you but does no damage.
The black bear completely misses you. The kobold hits you with a +0 club.
* * * LOW HITPOINT WARNING * * *
The black bear bites you.
* * * LOW HITPOINT WARNING * * *
The black bear claws you.
* * * LOW HITPOINT WARNING * * *
The black bear claws you but does no damage.
The kobold hits you but does no damage.
You closely miss the kobold.
You headbutt the kobold, but do no damage.
The black bear closely misses you.
The black bear claws you but does no damage.
You block the black bear's attack. The kobold hits you but does no damage.
You barely miss the kobold. The black bear bites you.
* * * LOW HITPOINT WARNING * * *
The black bear barely misses you. The black bear claws you.
You die...
Kikubaaqudgha rasps: "You have failed me!
Welcome... death!"

### #### ..# #...
..##... ..#... .
###########.#... ...
#........##.#...
.....####.###.....).....
.....Sh@K>....##.##.####
....#####.######.##.# .
#.# #....# #.# ####..
#.# #.. #.. #... #K.
#... #..


You could see a black bear, an adder and a kobold.

Vanquished Creatures
  An adder (D:3)
  A dart slug (D:1)
  2 worms
  An endoplasm (D:2)
  A giant cockroach (D:1)
  4 goblins
  3 hobgoblins
  A quokka (D:1)
  6 ball pythons
  A bat (D:2)
  3 kobolds
  A rat (D:1)
25 creatures vanquished.

Notes
Turn   | Place    | Note
-------+----------+-------------------------------------------
     0 | D:1      | boopmooplesden the Minotaur Fighter began the quest for the
                  | Orb.
     0 | D:1      | Reached XP level 1. HP: 19/19 MP: 0/0
    35 | D:1      | Found a faded altar of an unknown god.
    46 | D:1      | Prayed at the altar of an unknown god.
    46 | D:1      | Became a worshipper of Kikubaaqudgha
    46 | D:1      | Reached * piety under Kikubaaqudgha
    46 | D:1      | Received a gift from Kikubaaqudgha
   158 | D:1      | Reached XP level 2. HP: 21/27 MP: 1/1
   163 | D:1      | Learned a level 1 spell: Animate Skeleton
  1069 | D:2      | Reached XP level 3. HP: 33/33 MP: 2/2
  1296 | D:3      | Noticed a black bear
  1311 | D:3      | HP: 1/33 [black bear (2)]
  1311 | D:3      | Slain by a black bear

Illustrated notes

Levels and vault maps discovered:
D:1:      lightli_arrival_quake, layout_basic, ebering_ecumenical_altar_box
D:2:      layout_rooms
D:3:      layout_rooms, mainiacjoe_overflow_alcove_2

Skill      XL: |  1  2 |
---------------+-------+-----
Fighting       | 4 |  4.2
Armour         | 4 |  4.4
Long Blades    | |  2.9
Dodging        | |  0.2
Shields        | |  3.9

Action                   || total
-------------------------++-------
Melee: Long sword        ||    61
       Headbutt          ||     8
Armor: Scale mail        ||    12
       Plate armour      ||    41
Dodge: Dodged            ||    30
Block: Buckler           ||    18
